 Dungeon Crawl Stone Soup version 0.29.1-1-gd02db6906a (webtiles) character file.

Game seed: 473656412515142998

81 Eitelfritz the Gusty (level 4, -3/24 HPs)
             Began as a Tengu Air Elementalist on Sept 18, 2022.
             Slain by a black bear (6 damage)
             ... on level 3 of the Dungeon.
             The game lasted 00:05:07 (2872 turns).

Eitelfritz the Gusty (Tengu Air Elementalist)       Turns: 2872, Time: 00:05:08

Health: -3/24      AC:  2    Str:  8    XL:     4   Next: 42%
Magic:  0/9        EV: 12    Int: 17    God:
Gold:   123        SH:  0    Dex: 15    Spells: 2/8 levels left

rFire   . . .      SeeInvis .   a - +0 dagger (elec)
rCold   . . .      Faith    .   (no shield)
rNeg    . . .      Spirit   .   r - +0 robe
rPois   .          Reflect  .   (helmet restricted)
rElec   .          Harm     .   (no cloak)
rCorr   .          Rampage  .   (no gloves)
Will    .....                   (boots unavailable)
Stlth   ++........              (no amulet)
HPRegen 0.08/turn               (no ring)
MPRegen 0.11/turn               (no ring)

@: very slightly contaminated
A: beak, talons 3
a: no special abilities


You were on level 3 of the Dungeon.
You visited 1 branch of the dungeon, and saw 3 of its levels.

You collected 123 gold pieces.

Inventory:

Hand Weapons
 a - a +0 dagger of electrocution (weapon)
 t - a +1 dagger of venom
Missiles
 g - 6 poisoned darts
Armour
 p - the +6 scale mail of Kuarph {Regen+}
   (You found it on level 2 of the Dungeon)

   Regen:     It increases your rate of health regeneration.
 r - a +0 robe (worn)
Jewellery
 s - a ring of protection from fire
Scrolls
 c - 5 scrolls of identify {unknown}
 h - 2 scrolls of vulnerability {unknown}
 m - 3 scrolls of immolation {unknown}
 n - a scroll of amnesia {unknown}
 q - 2 scrolls of enchant weapon {unknown}
 u - a scroll of brand weapon {unknown}
 v - a scroll of enchant armour {unknown}
Potions
 b - a potion of magic
 d - 2 potions of heal wounds {unknown}
 e - a potion of ambrosia {unknown}
 f - 3 potions of might {unknown}
 i - a potion of berserk rage {unknown}
 j - a potion of brilliance {unknown}
 k - a potion of haste {unknown}
 l - a potion of cancellation {unknown}
 o - a potion of curing {unknown}


   Skills:
 + Level 0.1 Fighting
 + Level 0.1 Short Blades
 + Level 2.3 Dodging
 + Level 2.4 Stealth
 + Level 0.5 Unarmed Combat
 + Level 2.6 Spellcasting
 + Level 2.3 Conjurations
 + Level 5.2 Air Magic


You had 2 spell levels left.
You knew the following spells:

 Your Spells              Type           Power      Damage    Failure   Level
a - Shock                 Conj/Air       60%        1d6       3%          1
b - Static Discharge      Conj/Air       15%        3-5/arc   6%          2
c - Swiftness             Air            19%        N/A       6%          3

Your spell library contained the following spells:

 Spells                   Type           Power      Damage    Failure   Level
 Airstrike                Air            9%         2d(2-18)  22%         4
 Gell's Gravitas          Tloc           2%         N/A       50%         3
 Teleport Other           Tloc           2%         N/A       50%         3
 Dispersal                Tloc           1%         N/A       100%        6


Dungeon Overview and Level Annotations

Branches:
Dungeon (3/15)

Altars:


Innate Abilities, Weirdness & Mutations

You have a beak for a mouth.
You have claws for feet.


Message History

The zap misses the black bear.
The black bear attacks as you move away!
The black bear barely misses you. The black bear claws you.
The black bear barely misses you.
The black bear attacks as you move away!
The black bear bites you but does no damage.
The black bear claws you. The black bear closely misses you.
Casting: Shock (safe; 3% risk of failure)
Confirm with . or Enter, or press ? or * to list all spells.
Aiming: Shock (safe; 3% risk of failure)
Press: ? - help, Shift-Dir - straight line, f/p - black bear
Aim: a black bear (heavily wounded, 79% to hit)
You miscast Shock.
You are very lightly contaminated with residual magic.
Nothing appears to happen.
The black bear closely misses you. The black bear barely misses you.
The black bear misses you.
Unknown command.
Casting: Shock (safe; 3% risk of failure)
Confirm with . or Enter, or press ? or * to list all spells.
The black bear is struck by an arc of lightning!
The black bear is severely wounded.
You are struck by an arc of lightning.
The lightning grounds out.
The black bear bites you. The black bear claws you.
* * * LOW HITPOINT WARNING * * *
The black bear closely misses you.
Casting: Static Discharge (safe; 6% risk of failure)
Confirm with . or Enter, or press ? or * to list all spells.
You don't have enough magic to cast this spell.
Unknown command.
The black bear attacks as you move away!
The black bear bites you.
* * * LOW HITPOINT WARNING * * *
The black bear closely misses you. The black bear misses you.
Casting: Static Discharge (safe; 6% risk of failure)
Confirm with . or Enter, or press ? or * to list all spells.
Aiming: Shock (safe; 3% risk of failure)
Press: ? - help, Shift-Dir - straight line, f/p - black bear
Aim: a black bear (severely wounded, 79% to hit)
The zap misses the black bear.
The black bear bites you.
You die...

. ..# #........#)....##.# #.####
.##.####..............##.###.#...
#....[...........[...............
..o..##......................#...
.........##..)...........#......#
.........##...........##........#
...?.....##.......##............#
..........#.....................#
#..............h@...#...........#
#.........#.........#....#......#
#...÷...............##...#†.....#
....[..........##........#......#
.........#.#....#...##..........#
[.##.####.....#.....##...#.######
#. ....######........#... ..##.#
###.#..### ### ...# #.# #.....


You could see a black bear.

Vanquished Creatures
  3 adders (D:2)
  A dart slug (D:1)
  9 orcs
  3 endoplasms
  2 giant cockroaches (D:1)
  2 goblins
  3 hobgoblins
  A quokka (D:1)
  2 ball pythons
  7 bats
  2 frilled lizards (D:3)
  4 kobolds
  6 rats
45 creatures vanquished.

Vanquished Creatures (others)
  2 plants (D:3)
2 creatures vanquished.

Grand Total: 47 creatures vanquished

Notes
Turn   | Place    | Note
-------+----------+-------------------------------------------
     0 | D:1      | Eitelfritz the Tengu Air Elementalist began the quest for
                  | the Orb.
     0 | D:1      | Reached XP level 1. HP: 10/10 MP: 4/4
   336 | D:1      | Reached XP level 2. HP: 15/15 MP: 4/6
  1018 | D:2      | Identified the +6 scale mail of Kuarph {Regen+}
  1025 | D:2      | Reached XP level 3. HP: 5/19 MP: 2/7
  2255 | D:3      | Reached skill level 5 in Air Magic
  2276 | D:3      | Reached XP level 4. HP: 24/24 MP: 6/8
  2279 | D:3      | Learned a level 2 spell: Static Discharge
  2283 | D:3      | Learned a level 3 spell: Swiftness
  2452 | D:3      | Identified the +1 robe of the Past {Rampage rPois Str+3}
  2520 | D:3      | Noticed a black bear
  2872 | D:3      | Slain by a black bear

Illustrated notes

Levels and vault maps discovered:
D:1:      eino_arrival_tree_alley, layout_basic, minmay_octomino_c4
D:2:      layout_loops_corners
D:3:      layout_rooms, nicolae_elyvilon_temple_path

Skill      XL: |  1  2  3 |
---------------+----------+-----
Conjurations   | 2 |  2.3
Air Magic      | 5 |  5.2
Fighting       | |  0.1
Short Blades   | |  0.1
Dodging        | |  2.3
Stealth        | |  2.4
Unarmed Combat | |  0.5
Spellcasting   | |  2.6

Action                   |  1- 3 |  4- 6 || total
-------------------------+-------+-------++-------
Melee: Unarmed           |     9 |       ||     9
       Kick              |     4 |       ||     4
       Peck              |     2 |       ||     2
       Dagger            |     7 |     4 ||    11
 Cast: Shock             |    47 |    36 ||    83
       Static Discharge  |       |     1 ||     1
 Stab: Sleeping          |     1 |       ||     1
Armor: Robe              |     4 |     7 ||    11
Dodge: Dodged            |    14 |    26 ||    40
